 Dungeon Crawl Stone Soup version 0.29.1-12-g30fa7ad0bf (webtiles) character file.

Game seed: 11127349492983522547

6071 haze1103 the Cleaver (level 10, -5/77 HPs)
             Began as a Minotaur Berserker on Jan 6, 2023.
             Was an Elder of Trog.
             Slain by an unseen horror (8 damage)
             ... on level 10 of the Dungeon.
             The game lasted 00:21:40 (9692 turns).

haze1103 the Cleaver (Minotaur Berserker)           Turns: 9692, Time: 00:21:41

Health: -5/77      AC:  8    Str: 31    XL:     10   Next: 57%
Magic:  0/9        EV: 12    Int:  6    God:    Trog [****..]
Gold:   667        SH:  0    Dex:  9    Spells: 9/9 levels left

rFire   . . .      SeeInvis .   D - +2 battleaxe (vamp)
rCold   . . .      Faith    .   (shield currently unavailable)
rNeg    . . .      Spirit   +   x - +0 plate armour
rPois   .          Reflect  .   (helmet restricted)
rElec   +          Harm     .   (no cloak)
rCorr   .          Rampage  .   (no gloves)
Will    .....                   E - +1 pair of boots of the Lily {+Inv rElec Int+2}
Stlth   ..........              e - amulet of guardian spirit
HPRegen 0.22/turn               G - +4 ring of evasion
MPRegen 0.11/turn               r - +6 ring of strength

@: on berserk cooldown, slowed, very slow
A: horns 2, retaliatory headbutt, clumsy 1, deformed body
a: Renounce Religion, Evoke Invisibility, Berserk, Trog's Hand, Brothers in Arms


You were on level 10 of the Dungeon.
You worshipped Trog.
Trog was greatly pleased with you.
You visited 1 branch of the dungeon, and saw 10 of its levels.

You collected 667 gold pieces.

Inventory:

Hand Weapons
 D - a +2 vampiric battleaxe (weapon)
Missiles
 a - a curare-tipped dart
 h - 5 silver javelins
 u - 12 boomerangs (quivered)
 y - 17 poisoned darts
 F - a throwing net
Armour
 x - a +0 plate armour (worn)
 E - the +1 pair of boots of the Lily (worn) {+Inv rElec Int+2}
   (You found it on level 5 of the Dungeon)

   Int:       It affects your intelligence (+2).
   rElec:     It insulates you from electricity.
   +Inv:      It lets you turn invisible.
Jewellery
 e - an amulet of guardian spirit (around neck)
 r - a +6 ring of strength (right hand)
 G - a +4 ring of evasion (left hand)
 H - a ring of willpower
 I - a ring of ice
Wands
 d - a wand of flame (7)
 v - a wand of roots (13)
Scrolls
 b - 3 scrolls of butterflies
 f - a scroll of vulnerability
 i - 3 scrolls of teleportation
 j - a scroll of enchant armour
 k - 3 scrolls of blinking
 l - a scroll of silence
 m - a scroll of summoning {unknown}
 n - 2 scrolls of amnesia {unknown}
 o - 2 scrolls of magic mapping {unknown}
 t - 2 scrolls of fear {unknown}
 z - a scroll of noise {unknown}
 C - a scroll of immolation {unknown}
Potions
 c - 3 potions of invisibility
 g - 3 potions of curing
 p - a potion of ambrosia
 q - a potion of flight
 s - 2 potions of attraction
 w - 2 potions of resistance
 A - 3 potions of lignification
 B - a potion of might


   Skills:
 - Level 3.6 Fighting
 + Level 14.0 Axes
 + Level 11.2 Throwing
 - Level 2.4 Armour
 - Level 2.1 Dodging


You had 9 spell levels left.
You didn't know any spells.
Your spell library was empty.

Dungeon Overview and Level Annotations

Branches:
Dungeon (10/15)            Temple (0/1) D:7
   Lair: D:8-11         Orc: D:9-12

Altars:
Ashenzari
Dithmenos
Gozag
Kikubaaqudgha
Okawaru
Vehumet
Xom
Zin

Shops:
D:3 (

Annotations:
D:9 exclusion: obsidian statue


Innate Abilities, Weirdness & Mutations

You have a pair of horns on your head.
You reflexively headbutt those who attack you in melee.
You are clumsy. (Dex -2)
Armour fits poorly on your strangely shaped body.


Message History

There is an open door here.
You hear the faint creaking of a very distant portcullis.
Something hits you but does no damage.
Deactivating autopickup; reactivate with Ctrl-A.
Something hits you but does no damage. Something hits you but does no damage.
Something hits you.
You slice something!! Your headbutt misses something.
Something hits you but does no damage. x2
Something completely misses you. Something hits you but does no damage.
Something hits you. Something hits you but does no damage. Something hits you.
Something hits you but does no damage. Something hits you. Something hits you!
Something hits you.
You hit something. Something hits you! Something hits you! Something hits you.
You miss something. You headbutt something! Something hits you.
Something hits you!
* * * LOW HITPOINT WARNING * * *
You completely miss something. Something hits you!
* * * LOW HITPOINT WARNING * * *
You barely miss something. Something hits you.
* * * LOW HITPOINT WARNING * * *
You barely miss something. Your headbutt misses something. Something hits you!
* * * LOW HITPOINT WARNING * * *
Something hits you but does no damage.
A red film seems to cover your vision as you go berserk!
You feel yourself moving faster!
You feel mighty! Something hits you.
* * * LOW HITPOINT WARNING * * *
Something hits you but does no damage.
You feel a strong urge to attack something.
Something hits you but does no damage. Something hits you.
* * * LOW HITPOINT WARNING * * *
You feel your anger nearly subside.
You are no longer berserk.
You are exhausted.
You feel yourself slow down. Something hits you!
You die...

....... ...............
#.....#####.............
#.....#...#.............
#.....#...#.............
#.....#...#.............
#.....#...#.............
#.....#...'..####)......
#.....#####..# #..####+
#......@.....# #..'....
......############
#..#.... ..... #..#....
.... #..#.... ...
#..##### .. #....... .
#....... #.......
#.......


There were no monsters in sight!

Vanquished Creatures
  A two-headed ogre (D:10)
  A troll (D:9)
  5 yaks (D:8)
  5 steam dragons
  Edmund (D:6)
  Duvessa (D:4)
  2 water moccasins
  2 orc warriors (D:8)
  A sky beast (D:8)
  5 ice beasts
  4 ogres
  6 centaurs
  2 bullfrogs
  2 kobold brigands
  2 scorpions (D:5)
  Dowan (D:4)
  3 wights (D:8)
  7 killer bees (D:8)
  A howler monkey (D:6)
  5 hounds
  5 orc priests
  3 jellies (D:5)
  2 gnoll boudas
  4 iguanas
  Ijyb (D:4)
  Terence (D:2)
  7 orc wizards
  6 gnolls
  7 adders
  A shadow imp (D:4)
  2 white imps
  A worm (D:3)
  3 dart slugs
  30 orcs
  3 bats
  6 endoplasms
  4 giant cockroaches
  5 goblins
  4 hobgoblins
  9 jackals
  6 quokkas
  11 ball pythons
  4 frilled lizards (D:2)
  17 kobolds
  11 rats
210 creatures vanquished.

Vanquished Creatures (others)
  2 gnolls (D:9)
  2 plants (D:2)
4 creatures vanquished.

Grand Total: 214 creatures vanquished

Notes
Turn   | Place    | Note
-------+----------+-------------------------------------------
     0 | D:1      | haze1103 the Minotaur Berserker began the quest for the
                  | Orb.
     0 | D:1      | Reached XP level 1. HP: 19/19 MP: 0/0
    26 | D:1      | Reached skill level 4 in Axes
    26 | D:1      | Reached XP level 2. HP: 18/26 MP: 1/1
   474 | D:1      | Reached XP level 3. HP: 30/31 MP: 2/2
   539 | D:1      | Reached skill level 1 in Throwing
   547 | D:1      | Reached skill level 5 in Axes
   801 | D:1      | Found a faded altar of an unknown god.
   999 | D:2      | Reached ** piety under Trog
  1393 | D:2      | Reached XP level 4. HP: 39/39 MP: 1/3
  1628 | D:2      | Noticed Terence
  1645 | D:2      | Killed Terence
  2015 | D:3      | Found an iron altar of Okawaru.
  2022 | D:3      | Found Harigal's Antique Weapon Shop.
  2214 | D:3      | Reached XP level 5. HP: 30/45 MP: 4/4
  2377 | D:3      | Reached skill level 6 in Axes
  3338 | D:4      | Noticed an ogre
  3348 | D:4      | Killed an ogre
  3349 | D:4      | Reached XP level 6. HP: 39/51 MP: 3/5
  3601 | D:4      | Noticed Dowan
  3602 | D:4      | Noticed Duvessa
  3611 | D:4      | Killed Dowan
  3615 | D:4      | Killed Duvessa
  3616 | D:4      | Reached skill level 7 in Axes
  3670 | D:4      | Found an ancient bone altar of Kikubaaqudgha.
  3670 | D:4      | Noticed Ijyb
  3680 | D:4      | Killed Ijyb
  3755 | D:4      | Found an opulent altar of Gozag.
  4242 | D:5      | Entered Level 5 of the Dungeon
  4263 | D:5      | Reached XP level 7. HP: 57/57 MP: 6/6
  4509 | D:5      | Reached skill level 5 in Throwing
  4544 | D:5      | Reached skill level 8 in Axes
  4810 | D:5      | Found a glowing silver altar of Zin.
  5005 | D:5      | Identified the +1 pair of boots of the Lily {+Inv rElec
                  | Int+2}
  5190 | D:5      | Reached XP level 8. HP: 64/64 MP: 7/7
  5469 | D:6      | Noticed Edmund
  5478 | D:6      | Killed Edmund
  5479 | D:6      | Reached skill level 9 in Axes
  5741 | D:6      | Reached skill level 10 in Axes
  5846 | D:6      | Found a radiant altar of Vehumet.
  5895 | D:6      | Reached *** piety under Trog
  6241 | D:7      | Found a staircase to the Ecumenical Temple.
  6334 | D:7      | Found a shimmering altar of Xom.
  6346 | D:7      | Reached XP level 9. HP: 70/70 MP: 8/8
  6400 | D:7      | Reached skill level 11 in Axes
  6438 | D:7      | Found a broken altar of Ashenzari.
  6753 | D:7      | Identified the +5 dagger of Dung {drain, rElec Int-5 SInv}
  7282 | D:8      | Reached **** piety under Trog
  7361 | D:8      | Reached skill level 12 in Axes
  7426 | D:8      | Found a shadowy altar of Dithmenos.
  7482 | D:8      | Reached skill level 10 in Throwing
  7486 | D:8      | Reached XP level 10. HP: 64/77 MP: 5/9
  8059 | D:8      | Reached skill level 13 in Axes
  9199 | D:9      | Noticed an obsidian statue
  9493 | D:9      | Gained mutation: You are clumsy. (Dex -2) [a neqoxec]
  9495 | D:9      | Gained mutation: Armour fits poorly on your strangely
                  | shaped body. [a neqoxec]
  9520 | D:10     | Entered Level 10 of the Dungeon
  9646 | D:10     | Noticed a two-headed ogre
  9650 | D:10     | Killed a two-headed ogre
  9651 | D:10     | Reached skill level 14 in Axes
  9691 | D:10     | HP: 5/115 [something (1)]
  9692 | D:10     | Slain by an unseen horror

Illustrated notes

Levels and vault maps discovered:
D:1:      onia_arrival_pentagram, layout_basic,
          shapermc_ecumenical_altar_mp_vishouse
D:2:      minmay_evil_eye, layout_rooms, serial_bayou_pond_a,
          nrook_loot_triangle, grunt_ministairs_6, uniq_terence
D:3:      layout_loops_cross, okawaru_trees_2, serial_shops,
          nicolae_shop_waterfront
D:4:      layout_loops_corners, mainiacjoe_overflow_catch_the_wave,
          grunt_decor_cap, uniq_duvessa, uniq_ijyb
D:5:      layout_loops_corners, zin_academy, minmay_fractal_squares_5
D:6:      layout_gridville, mainiacjoe_overflow_boulevard,
          nicolae_fountain_basement, uniq_edmund
D:7:      layout_basic, ashenzari_conservatory_becter, lemuel_crystal_altar
D:8:      layout_basic, nicolae_dithmenos_through_a_glass_darkly
D:9:      layout_rooms, minivault_16, nicolae_straight_to_the_point
D:10:     layout_irregular_city, nemelex_xobeh_ov_fountains_minmay,
          enter_bailey_3, hangedman_fish_farm

Skill      XL: |  1  2  3  4  5  6  7  8  9 10 |
---------------+-------------------------------+-----
Axes           | 4 5 6 7 8 10 12 14 | 14.0
Throwing       | 1 2 3 4 6 8 10 11 | 11.2
Fighting       | |  3.6
Armour         | |  2.4
Dodging        | |  2.1

Action                   |  1- 3 |  4- 6 |  7- 9 | 10-12 || total
-------------------------+-------+-------+-------+-------++-------
Melee: Hand axe          |    75 |   120 |    59 |       ||   254
       Headbutt          |    10 |    21 |    35 |     9 ||    75
       Punch             |       |     1 |       |       ||     1
       Battleaxe         |       |       |   138 |    93 ||   231
Throw: Javelin           |       |     4 |     4 |     1 ||     9
       Dart              |       |     2 |     2 |       ||     4
       Boomerang         |       |    10 |    13 |     4 ||    27
Invok: Berserk           |       |     4 |     1 |     3 ||     8
       Trog's Hand       |       |     1 |       |     1 ||     2
  Use: Scroll            |       |     5 |     6 |     7 ||    18
 Stab: Sleeping          |     1 |       |       |       ||     1
Armor: Scale mail        |    31 |     4 |       |       ||    35
       Animal skin       |     3 |       |       |       ||     3
       Chain mail        |       |    45 |    63 |       ||   108
       Plate armour      |       |       |    23 |    62 ||    85
Dodge: Dodged            |    40 |    52 |   143 |    63 ||   298
